Map: Orbitalwerft

Players

Nujabes

  • Race: Terran Terran
  • League: Diamond

Chaoss - Winner!

  • Race: Protoss Protoss
  • League: Diamond

VOD

Have the link to the VOD?

Description

Time

  • Played on: Dec. 14, 2015, 10:58 a.m.
  • Length: 5:41
Show
View Real Time Build Order
Export as new Build Order

Nujabes Terran 

Build Orders:  

Get SALT Encoding   

  12  0:01  SCV  
  13  0:24  Supply Depot  
  13  0:47  Barracks  
  13  0:48  Barracks  
  13  1:09  Barracks  
  13  1:16  SCV  
  14  1:34  Barracks, Marine  
  14  1:36  Marine  
  16  1:42  Supply Depot  
  16  1:53  Marine  
  17  1:55  Marine  
  17  1:57  Marine  
  19  2:11  Marine  
  19  2:13  Marine  
  19  2:35  Marine x4  
  20  2:53  Marine x4  
  21  3:10  Marine  
  21  3:11  Marine x3  
  18  3:28  Marine  
  18  3:29  Marine x2  
  19  3:41  Marine  
  19  3:46  Marine  
  19  3:47  Marine x2  
  23  3:59  Marine  
  23  4:02  Supply Depot  
  24  4:04  Marine x3  
  17  4:27  Marine x2  
  17  4:28  Marine x2  
  18  4:45  Marine x4  
  19  5:03  Marine x4  
  23  5:20  Marine  
  23  5:21  Marine x3  
Show
View Real Time Build Order
Export as new Build Order

Chaoss Protoss - Winner!

Build Orders: 1 Gate Expand 

Get SALT Encoding   

  12  0:02  Probe (Chrono Boost)  
  13  0:12  Probe (Chrono Boost)  
  14  0:17  Pylon  
  14  0:23  Probe (Chrono Boost)  
  16  0:35  Probe (Chrono Boost)  
  16  0:37  Gateway  
  16  0:46  Probe (Chrono Boost)  
  16  0:47  Assimilator  
  18  0:57  Probe (Chrono Boost)  
  18  1:20  Nexus  
  18  1:31  Cybernetics Core  
  18  1:34  Probe (Chrono Boost)  
  19  1:42  Zealot (Chrono Boost)  
  21  1:50  Pylon  
  21  1:59  Pylon  
  21  2:07  Mothership Core  
  23  2:15  Adept (Chrono Boost)  
  25  2:33  Pylon  
  25  2:43  Adept (Chrono Boost)  
  27  2:58  Probe  
  27  3:04  Warp Gate  
  28  3:06  Adept (Chrono Boost)  
  28  3:19  Assimilator  
  24  3:33  Gateway  
  24  3:39  Adept (Chrono Boost)  
  24  3:51  Gateway  
  24  3:53  Mothership Core  
  22  4:23  Adept (Chrono Boost)  
  23  4:26  Adept (Chrono Boost)  
  23  4:31  Pylon  
  23  4:36  Probe  
  24  4:40  Probe  
  25  5:03  Probe x2 (Chrono Boost)  
  27  5:13  Adept x2  
  32  5:14  Probe x2 (Chrono Boost)  
  33  5:24  Probe (Chrono Boost)  
  33  5:25  Probe (Chrono Boost)  
Tags
 
Add a new tag
Caveats
  • Supply blocks, unpowered buildings, or Contaminate may cause inaccurate times.
  • Supply counts are checked every 10 seconds.